 Dungeon Crawl Stone Soup version 0.28-a0-906-g0406aca7d3 (webtiles) character file.

Game seed: 14157368054094675513

438 avis the Cleaver (level 7, 0/61 HPs)
             Began as a Hill Orc Fighter on Nov 23, 2021.
             Slain by a steam dragon (4 damage)
             ... on level 4 of the Dungeon.
             The game lasted 00:11:22 (3862 turns).

avis the Cleaver (Hill Orc Fighter)                 Turns: 3862, Time: 00:11:23

Health: 0/61       AC: 15    Str: 21    XL:     7   Next: 1%
Magic:  7/7        EV:  7    Int:  8    God:
Gold:   164        SH:  4    Dex: 10    Spells: 6/6 levels left

rFire   . . .      SeeInvis .   a - +0 war axe
rCold   . . .      Faith    .   c - +0 buckler
rNeg    . . .      Spirit   .   y - +0 chain mail
rPois   .          Reflect  .   t - +0 helmet
rElec   .          Harm     .   (no cloak)
rCorr   .          Rampage  .   (no gloves)
Will    .....                   u - +0 pair of boots {Stlth+}
Stlth   ..........              (no amulet)
HPRegen 0.20/turn               v - +4 ring of protection
MPRegen 0.10/turn               (no ring)

@: flying
A: no striking features
a: no special abilities


You were on level 4 of the Dungeon.
You visited 1 branch of the dungeon, and saw 4 of its levels.

You collected 164 gold pieces.

Inventory:

Hand Weapons
 a - a +0 war axe (weapon)
 m - a +0 hunting sling
 o - a +0 hand crossbow
 s - a +1 scythe of freezing
Missiles
 f - 127 stones
 j - 6 poisoned darts (quivered)
 l - 5 javelins
 n - 52 arrows
 p - 46 bolts
 r - 24 sling bullets
Armour
 b - a +0 scale mail
 c - a +0 buckler (worn)
 t - a +0 helmet (worn)
 u - a +0 pair of boots of stealth (worn)
 y - a +0 chain mail (worn)
Magical Staves
 C - a staff of cold
Jewellery
 v - a +4 ring of protection (left hand)
Scrolls
 g - 3 scrolls of blinking {unknown}
 h - 4 scrolls of identify {unknown}
 w - a scroll of immolation {unknown}
 x - a scroll of acquirement {unknown}
 A - a scroll of enchant weapon {unknown}
 B - a scroll of teleportation {unknown}
Potions
 d - a potion of might
 e - a potion of curing {unknown}
 i - a potion of flight
 k - a potion of cancellation {unknown}
 q - a potion of brilliance {unknown}
 z - a potion of attraction {unknown}


   Skills:
 - Level 5.0 Fighting
 + Level 8.8 Axes
 - Level 3.2 Armour
 - Level 3.2 Shields


You had 6 spell levels left.
You didn't know any spells.
Your spell library contained the following spells:

 Spells                   Type           Power      Damage    Failure   Level
 Gell's Gravitas          Tloc           0%         N/A       100%        3
 Teleport Other           Tloc           0%         N/A       100%        3
 Dispersal                Tloc           0%         N/A       100%        6


Dungeon Overview and Level Annotations

Branches:
Dungeon (4/15)
 Temple: D:4-7

Altars:
Zin

Shops:
D:1 :


Message History

Press: ? - help, Q - select action, (/) - cycle Shift-Dir - straight line, f - orc
Aim: an orc, wielding a +0 dagger and wearing a +0 chain mail (65% to hit)
You throw a poisoned dart. The poisoned dart hits the orc.
The orc is poisoned.
You are engulfed in a cloud of scalding steam.
You block the orc's attack. The steam dragon breathes steam at you.
The ball of steam hits the orc!
The orc dies!
The ball of steam hits you.
Throw: 7 darts (poison)
Press: ? - help, Q - select action, (/) - cycle Shift-Dir - straight line, f - steam dragon
Aim: a steam dragon (57% to hit)
You throw a poisoned dart.
The poisoned dart hits the steam dragon.
The steam dragon is poisoned.
You hit the steam dragon but do no damage.
You are engulfed in a cloud of scalding steam.
The steam dragon breathes steam at you. The ball of steam hits you!
You hit the steam dragon but do no damage.
You are engulfed in a cloud of scalding steam.
* * * LOW HITPOINT WARNING * * *
The steam dragon breathes steam at you. The ball of steam hits you.
* * * LOW HITPOINT WARNING * * *
Unknown command.
An adder comes into view.
The steam dragon bites you but does no damage.
You block the steam dragon's attack.
The adder moves out of view.
You closely miss the steam dragon.
The steam dragon is lightly wounded.
The steam dragon looks more healthy.
The steam dragon bites you.
* * * LOW HITPOINT WARNING * * *
The steam dragon claws you but does no damage.
It was a potion of flight.
You feel very buoyant.
You fly up into the air.
The steam dragon bites you but does no damage.
The steam dragon claws you.
You die...

#..................##...###....
##.................##....#..##.
##...................##.#. ##.
#...#..........# .# #..
##.###........###..# ...... #.#
#.............. ...... ###
#...###....##. .......
######....## ....... #..@...#..
..##... ##)D(...... .....
##.$...... ..### #........ #
#..#.#... .. .....S... ...
......... ... ........ ##
......


You could see a steam dragon (catching breath) and an adder.

Vanquished Creatures
  Sigmund (D:2)
  A water moccasin skeleton (D:4)
  A hound (D:3)
  A centaur skeleton (D:4)
  Robin (D:2)
  2 howler monkey skeletons (D:4)
  6 adders
  8 orcs
  2 bats (D:1)
  7 endoplasms
  4 giant cockroaches
  12 goblins
  8 hobgoblins
  8 jackals
  10 kobolds
  4 quokkas
  4 ball pythons
  6 frilled lizards
  3 rats
89 creatures vanquished.

Vanquished Creatures (others)
  An orc (D:4)
1 creature vanquished.

Grand Total: 90 creatures vanquished

Notes
Turn   | Place    | Note
-------+----------+-------------------------------------------
     0 | D:1      | avis the Hill Orc Fighter began the quest for the Orb.
     0 | D:1      | Reached XP level 1. HP: 19/19 MP: 1/1
    36 | D:1      | Found Naokapo's Book Shoppe.
   120 | D:1      | Reached skill level 3 in Axes
   244 | D:1      | Found a faded altar of an unknown god.
   286 | D:1      | Reached XP level 2. HP: 22/26 MP: 2/2
  1114 | D:2      | Reached skill level 4 in Axes
  1249 | D:2      | Found a glowing silver altar of Zin.
  1339 | D:2      | Reached XP level 3. HP: 20/31 MP: 3/3
  1454 | D:2      | Reached skill level 5 in Axes
  1721 | D:2      | Noticed Sigmund
  1752 | D:2      | HP: 1/31 [something (4)]
  1753 | D:2      | Killed Sigmund
  1754 | D:2      | Reached skill level 7 in Axes
  1754 | D:2      | Reached XP level 4. HP: 2/39 MP: 4/4
  1754 | D:2      | Reached XP level 5. HP: 2/45 MP: 5/5
  2196 | D:2      | Noticed Robin
  2218 | D:2      | Killed Robin
  2223 | D:2      | Reached skill level 8 in Axes
  2434 | D:2      | Reached XP level 6. HP: 51/51 MP: 6/6
  3603 | D:4      | Reached skill level 5 in Fighting
  3741 | D:4      | Reached XP level 7. HP: 48/61 MP: 7/7
  3848 | D:4      | Noticed a steam dragon
  3862 | D:4      | Slain by a steam dragon

Illustrated notes

Levels and vault maps discovered:
D:1:      ebering_trefoil_twist, layout_loops_corners,
          hellmonk_ecumenical_altar_leap_of_faith, serial_shops,
          nicolae_shop_behind_doors, minmay_misc_feat_nine_boxes,
          minmay_ruptured
D:2:      layout_basic, basic_altar, kennysheep_generic_room_2, uniq_robin,
          uniq_sigmund
D:3:      layout_loops_ring, st_stairs_4
D:4:      layout_cave_pools, minmay_manual_mess

Skill      XL: |  1  2  3  4  5  6 |
---------------+-------------------+-----
Axes           | 3 4 7 8 |  8.8
Fighting       | 5 |  5.0
Armour         | |  3.2
Shields        | |  3.2

Action                   |  1- 3 |  4- 6 |  7- 9 || total
-------------------------+-------+-------+-------++-------
Melee: War axe           |    88 |   167 |    14 ||   269
Throw: Dart              |     3 |       |     2 ||     5
  Use: Potion            |       |       |     1 ||     1
Armor: Scale mail        |    38 |    57 |       ||    95
       Chain mail        |       |    16 |    11 ||    27
Dodge: Dodged            |    32 |    63 |     1 ||    96
Block: Buckler           |    20 |    35 |     7 ||    62

Table legend: (Time is in decaauts)
 A = Elapsed time spent in this place.
 B = Non-inter-level travel time spent in this place.
 C = Inter-level travel time spent in this place.
 D = Time resting spent in this place.
 E = Time spent auto-exploring this place.
 F = Levels seen in this place.
 G = Mean time per level.
                   A        B        C        D        E       F      G
               +--------+--------+--------+--------+--------+-----+--------+
         Total |   3918 |   3663 |    255 |    782 |   2038 |   4 |  979.5 |
       Dungeon |   3918 |   3663 |    255 |    782 |   2038 |   4 |  979.5 |
               +--------+--------+--------+--------+--------+-----+--------+

Top non-repeatable levels by time:
     D:2: 1687 daAuts
     D:1: 1032 daAuts
     D:3: 730 daAuts
     D:4: 467 daAuts
